 Dungeon Crawl Stone Soup version 0.29-a0-1065-g47a6bb87d6 (webtiles) character file.

Game seed: 1995649819697781375

462 themarg the Insei (level 7, -4/52 HPs)
             Began as a Gnoll Transmuter on Aug 18, 2022.
             Was an Initiate of Gozag.
             Constricted to death by Pikel (8 damage)
             ... on level 4 of the Dungeon.
             The game lasted 00:09:45 (3771 turns).

themarg the Insei (Gnoll Transmuter)                Turns: 3771, Time: 00:09:46

Health: -4/52      AC:  3    Str: 10    XL:     7   Next: 7%
Magic:  15/15      EV: 10    Int: 14    God:    Gozag
Gold:   157        SH:  0    Dex: 12    Spells: 11/17 levels left

rFire   . . .      SeeInvis .   m - +2 club (spect)
rCold   . . .      Faith    .   (no shield)
rNeg    . . .      Spirit   .   a - +0 robe
rPois   .          Reflect  .   (no helmet)
rElec   .          Harm     .   (no cloak)
rCorr   .          Rampage  .   v - +0 pair of gloves
Will    .....                   (no boots)
Stlth   ++........              (no amulet)
HPRegen 0.17/turn               (no ring)
MPRegen 0.14/turn               (no ring)

@: grasped by roots, constricted
A: fangs 1, strong nose, distributed training
a: Renounce Religion, Potion Petition, Call Merchant, Bribe Branch


You were on level 4 of the Dungeon.
You worshipped Gozag.
Gozag was aware of your devotion.
You visited 1 branch of the dungeon, and saw 4 of its levels.

You collected 209 gold pieces.
You paid 52 gold pieces to Gozag.

Inventory:

Hand Weapons
 m - a +2 spectral club (weapon)
Missiles
 e - 4 javelins
 f - 19 stones
 o - 8 poisoned darts
Armour
 a - a +0 robe (worn)
 v - a +0 pair of gloves (worn)
Magical Staves
 n - a staff of conjuration
Jewellery
 r - a ring of fire
Wands
 s - a wand of flame (25)
Scrolls
 c - 2 scrolls of noise {unknown}
 d - a scroll of enchant armour {unknown}
 g - 4 scrolls of teleportation {unknown}
 j - 2 scrolls of identify {unknown}
 l - 2 scrolls of butterflies {unknown}
 p - a scroll of brand weapon {unknown}
Potions
 b - 2 potions of lignification
 h - a potion of curing {unknown}
 i - 4 potions of degeneration {unknown}
 k - a potion of cancellation {unknown}
 q - 2 potions of mutation {unknown}
 t - a potion of brilliance {unknown}
 u - a potion of heal wounds {unknown}


   Skills:
 + Level 3.5 Fighting
 + Level 2.3 Short Blades
 + Level 2.3 Long Blades
 + Level 2.3 Axes
 + Level 2.3 Maces & Flails
 + Level 2.3 Polearms
 + Level 2.3 Staves
 + Level 2.3 Ranged Weapons
 + Level 2.3 Throwing
 + Level 2.3 Armour
 + Level 5.2 Dodging
 + Level 2.3 Stealth
 + Level 2.3 Shields
 + Level 7.0 Unarmed Combat
 + Level 5.5 Spellcasting
 + Level 1.9 Conjurations
 + Level 1.9 Hexes
 + Level 1.9 Summonings
 + Level 1.9 Necromancy
 + Level 1.9 Translocations
 + Level 4.2 Transmutations
 + Level 1.9 Fire Magic
 + Level 1.9 Ice Magic
 + Level 1.9 Air Magic
 + Level 1.9 Earth Magic
 + Level 1.9 Poison Magic
 + Level 2.6 Invocations
 + Level 2.3 Evocations


You had 11 spell levels left.
You knew the following spells:

 Your Spells              Type           Power      Damage    Failure   Level
a - Beastly Appendage     Tmut           30%        N/A       2%          1
b - Wereblood             Tmut           15%        N/A       4%          2
c - Spider Form           Tmut/Pois      12%        N/A       14%         3

Your spell library contained the following spells:

 Spells                   Type           Power      Damage    Failure   Level
 Sublimation of Blood     Necr           9%         N/A       12%         2
 Ice Form                 Ice/Tmut       12%        N/A       41%         4
 Petrify                  Tmut/Erth      12%        N/A       41%         4
 Irradiate                Conj/Tmut      6%         3d13      77%         5


Dungeon Overview and Level Annotations

Branches:
Dungeon (4/15)
 Temple: D:4-7

Altars:
Gozag
Nemelex Xobeh
Qazlal
Vehumet
Yredelemnul
Zin

Shops:
D:1 (   D:3 :

Annotations:
D:4 Pikel


Innate Abilities, Weirdness & Mutations

You have very sharp teeth.
Your uncanny sense of smell can sniff out nearby items.
Your experience applies equally to all skills.


Message History

You kill the lemure!
That felt strangely unrewarding.
Your transformation is almost over.
Found a black potion.
Found a stone staircase leading down.
Found a runed long sword.
Pikel shouts!
Pikel hits you with a +0 whip of freezing!
Pikel freezes you.
You bite Pikel!
Pikel is moderately wounded.
Pikel zaps a wand.
The roots erupt in riotous growth!
The grasping roots grab you!
Pikel is unaffected.
The grasping roots constrict you!
You bite Pikel!
Pikel looks as sick as possible!
Pikel is heavily wounded.
Your transformation has ended.
Your +2 spectral club unmelds from your body.
Your +0 pair of gloves unmelds from your body.
Your +0 robe unmelds from your body.
You feel a bond with your +2 spectral club.
Pikel hits you with a +0 whip of freezing.
Pikel freezes you. The grasping roots constrict you.
* * * LOW HITPOINT WARNING * * *
You closely miss Pikel.
Pikel is heavily wounded.
Your +2 spectral club hits Pikel but does no damage.
Pikel barely misses you. The grasping roots constrict you.
* * * LOW HITPOINT WARNING * * *
You escape the roots grasp.
Pikel waves his whip at you.
Pikel zaps a wand.
The roots erupt in riotous growth!
The grasping roots grab you! The grasping roots constrict you!
* * * LOW HITPOINT WARNING * * *
You escape the roots grasp.
Pikel zaps a wand.
The roots erupt in riotous growth!
The grasping roots grab you! The grasping roots constrict you!
You die...
Your body crumbles into a pile of gold.

## #. ... #... # #. #.##
#.!# # # #. #.##. ##..#
#.##.###.##.###...##
.......# ........## ##
#.#...# ##.......## ##.
#.....###..ยง......####..
#......@..K.......+.....
##...####......)..####..
##..# ##.......## #..
##.### #....>.## #.#
#...# #.#...## #.# #.#.#
#.##+## #.. #.#.# #.##.#
###### #.#.###.##.#
#..... #.......##.##
#.####


You could see Pikel (very poisoned).

Vanquished Creatures
  Sigmund (D:2)
  A black bear (D:4)
  4 lemures (D:4)
  A howler monkey (D:4)
  A jelly (D:4)
  Jessica (D:2)
  Robin (D:4)
  3 adders
  A worm (D:2)
  A dart slug (D:4)
  6 orcs (D:3)
  5 endoplasms
  2 giant cockroaches
  8 hobgoblins
  3 kobolds
  3 quokkas
  5 ball pythons
  5 bats
  12 goblins (D:4)
  4 rats
68 creatures vanquished.

Notes
Turn   | Place    | Note
-------+----------+-------------------------------------------
     0 | D:1      | themarg the Gnoll Transmuter began the quest for the Orb.
     0 | D:1      | Reached XP level 1. HP: 17/17 MP: 6/6
   179 | D:1      | Found Ennayfe's Weapon Shop.
   357 | D:1      | Found a faded altar of an unknown god.
   412 | D:1      | Reached XP level 2. HP: 23/23 MP: 5/7
   491 | D:1      | Learned a level 2 spell: Wereblood
  1384 | D:2      | Noticed Jessica
  1398 | D:2      | Killed Jessica
  1399 | D:2      | Reached skill level 1 in Short Blades
  1399 | D:2      | Reached skill level 1 in Long Blades
  1399 | D:2      | Reached skill level 1 in Axes
  1399 | D:2      | Reached skill level 1 in Maces & Flails
  1399 | D:2      | Reached skill level 1 in Polearms
  1399 | D:2      | Reached skill level 1 in Staves
  1399 | D:2      | Reached skill level 1 in Ranged Weapons
  1399 | D:2      | Reached skill level 1 in Throwing
  1399 | D:2      | Reached skill level 1 in Armour
  1399 | D:2      | Reached skill level 1 in Stealth
  1399 | D:2      | Reached skill level 1 in Shields
  1399 | D:2      | Reached skill level 5 in Spellcasting
  1399 | D:2      | Reached skill level 1 in Invocations
  1399 | D:2      | Reached skill level 1 in Evocations
  1399 | D:2      | Reached XP level 3. HP: 15/28 MP: 7/9
  1590 | D:2      | Noticed Sigmund
  1822 | D:1      | Learned a level 3 spell: Spider Form
  1867 | D:2      | Reached XP level 4. HP: 34/34 MP: 9/11
  1975 | D:2      | Killed Sigmund
  1976 | D:2      | Reached skill level 1 in Conjurations
  1976 | D:2      | Reached skill level 1 in Hexes
  1976 | D:2      | Reached skill level 1 in Summonings
  1976 | D:2      | Reached skill level 1 in Necromancy
  1976 | D:2      | Reached skill level 1 in Translocations
  1976 | D:2      | Reached skill level 1 in Fire Magic
  1976 | D:2      | Reached skill level 1 in Ice Magic
  1976 | D:2      | Reached skill level 1 in Air Magic
  1976 | D:2      | Reached skill level 1 in Earth Magic
  1976 | D:2      | Reached skill level 1 in Poison Magic
  1976 | D:2      | Reached XP level 5. HP: 21/41 MP: 9/12
  1976 | D:2      | Reached XP level 6. HP: 24/47 MP: 9/13
  2410 | D:3      | Found a glowing silver altar of Zin.
  2575 | D:3      | Found Pik Jyor's Vocational Training.
  2715 | D:3      | Found a stormy altar of Qazlal.
  2855 | D:3      | Reached skill level 5 in Dodging
  3244 | D:4      | Noticed Robin
  3252 | D:4      | Killed Robin
  3431 | D:4      | Found a basalt altar of Yredelemnul.
  3432 | D:4      | Found a radiant altar of Vehumet.
  3433 | D:4      | Found a sparkling altar of Nemelex Xobeh.
  3433 | D:4      | Found an opulent altar of Gozag.
  3434 | D:4      | Noticed a black bear
  3443 | D:4      | Killed a black bear
  3451 | D:4      | Became a worshipper of Gozag Ym Sagoz the Greedy
  3651 | D:4      | Reached XP level 7. HP: 49/52 MP: 15/15
  3711 | D:4      | Reached skill level 7 in Unarmed Combat
  3744 | D:4      | Noticed Pikel
  3771 | D:4      | Constricted to death by Pikel

Illustrated notes

Levels and vault maps discovered:
D:1:      shiori_shiawase, layout_basic, ebering_ecumenical_altar_webs,
          serial_shops, nicolae_shop_crystal
D:2:      layout_rooms, uniq_sigmund, uniq_jessica
D:3:      layout_basic, lemuel_crystal_altar, mainiacjoe_overflow_cross_hatched,
          minmay_misc_feat_nine_boxes, nicolae_shop_vocational
D:4:      layout_loops_corners, mainiacjoe_overflow_alcove_3,
          minmay_diced_spiral, uniq_pikel, uniq_robin

Skill      XL: |  1  2  3  4  5  6  7 |
---------------+----------------------+-----
Short Blades   | 1 2 |  2.3
Long Blades    | 1 2 |  2.3
Axes           | 1 2 |  2.3
Maces & Flails | 1 2 |  2.3
Polearms       | 1 2 |  2.3
Staves         | 1 2 |  2.3
Ranged Weapons | 1 2 |  2.3
Throwing       | 1 2 |  2.3
Armour         | 1 2 |  2.3
Stealth        | 1 2 |  2.3
Shields        | 1 2 |  2.3
Spellcasting   | 5 |  5.5
Invocations    | 1 2 |  2.6
Evocations     | 1 2 |  2.3
Fighting       | 3 |  3.5
Conjurations   | 1 |  1.9
Hexes          | 1 |  1.9
Summonings     | 1 |  1.9
Necromancy     | 1 |  1.9
Translocations | 1 |  1.9
Transmutations | 4 |  4.2
Fire Magic     | 1 |  1.9
Ice Magic      | 1 |  1.9
Air Magic      | 1 |  1.9
Earth Magic    | 1 |  1.9
Poison Magic   | 1 |  1.9
Dodging        | 5 |  5.2
Unarmed Combat | 7 |  7.0

Action                   |  1- 3 |  4- 6 |  7- 9 || total
-------------------------+-------+-------+-------++-------
Melee: Unarmed           |     8 |    32 |    26 ||    66
       Dagger            |    43 |       |       ||    43
       Headbutt          |    11 |     5 |       ||    16
       Punch             |     4 |     2 |       ||     6
       Kick              |    12 |    13 |       ||    25
       Bite              |     7 |     7 |       ||    14
       Club              |     1 |    49 |     3 ||    53
 Cast: Beastly Appendage |    17 |    12 |       ||    29
       Spider Form       |       |     4 |     2 ||     6
       Wereblood         |       |     1 |       ||     1
Armor: Robe              |     9 |     5 |       ||    14
       Skin              |       |     4 |     1 ||     5
Dodge: Dodged            |    34 |    80 |    25 ||   139

Table legend: (Time is in decaauts)
 A = Elapsed time spent in this place.
 B = Non-inter-level travel time spent in this place.
 C = Inter-level travel time spent in this place.
 D = Time resting spent in this place.
 E = Time spent auto-exploring this place.
 F = Levels seen in this place.
 G = Mean time per level.
                   A        B        C        D        E       F      G
               +--------+--------+--------+--------+--------+-----+--------+
         Total |   3771 |   3622 |    149 |    875 |   2077 |   4 |  942.8 |
       Dungeon |   3771 |   3622 |    149 |    875 |   2077 |   4 |  942.8 |
               +--------+--------+--------+--------+--------+-----+--------+

Top non-repeatable levels by time:
     D:1: 1298 daAuts
     D:3: 1055 daAuts
     D:2: 869 daAuts
     D:4: 548 daAuts
